 Dungeon Crawl Stone Soup version 0.27-a0-46-g34d46f0a3f (webtiles) character file.

Game seed: 17501498320685486925

28178 Conn the Arsonist (level 13, 0/78 HPs)
             Began as an Octopode Fire Elementalist on Jan 6, 2021.
             Was a High Priest of Sif Muna.
             Slain by Rupert
             ... wielding a +0 vorpal great sword
              (11 damage)
             ... on level 5 of the Lair of Beasts.
             The game lasted 01:02:35 (19283 turns).

Conn the Arsonist (Octopode Fire Elementalist)     Turns: 19283, Time: 01:02:36

Health: 0/78       AC:  9    Str: 12    XL:     13   Next: 37%
Magic:  14/27      EV: 24    Int: 21    God:    Sif Muna [*****.]
Gold:   800        SH:  5    Dex: 13    Spells: 13/32 levels left

rFire    . . .     SeeInvis .   k - +1 dagger (protect)
rCold    + . .     Faith    .   (no shield)
rNeg     . . .     Spirit   .   (helmet restricted)
rPois    .         Reflect  +   P - amulet of reflection
rElec    .         Harm     .   f - +4 ring of protection
rCorr    .         Rampage  .   Q - ring of wizardry
Will     .....                  t - +4 ring of protection
Stlth    ++++++....             v - ring of wizardry
HPRegen  0.23/turn              N - +4 ring of evasion
MPRegen  0.20/turn              G - ring of stealth
                                M - +4 ring of evasion
                                C - ring of Beauty {rC+ Str+4}

@: no status effects
A: almost no armour, stealthy swim, amphibious, 8 rings, constrict 8, camouflage
1, gelatinous body 1
a: Renounce Religion, Channel Magic, Forget Spell, Divine Exegesis


You were on level 5 of the Lair of Beasts.
You worshipped Sif Muna.
Sif Muna was extremely pleased with you.
You visited 2 branches of the dungeon, and saw 14 of its levels.

You collected 800 gold pieces.

Inventory:

Hand Weapons
 k - a +1 dagger of protection (weapon)
 K - a +2 mace of protection
 O - the +5 hand crossbow of the Original Sin {venom, Will+ Str+4}
   (You found it on level 3 of the Lair of Beasts)

   It poisons the ammo it fires.
   It affects your strength (+4).
   It affects your willpower, your defense against some magical effects.
Missiles
 d - 71 poisoned darts
 e - 111 bolts
 R - 7 curare-tipped darts (quivered)
Armour
 g - a +0 buckler
Magical Staves
 B - an uncursed staff of death
Jewellery
 a - an uncursed amulet of the acrobat
 b - an uncursed ring of ice
 f - a +4 ring of protection (left tentacle)
 h - an uncursed ring of protection from cold
 t - a +4 ring of protection (on tentacle)
 v - a ring of wizardry (on tentacle)
 w - an uncursed ring of flight
 C - the ring of Beauty (on tentacle) {rC+ Str+4}
   (You found it on level 9 of the Dungeon)

   [ring of protection from cold]

   It affects your strength (+4).
   It protects you from cold.
 G - a ring of stealth (on tentacle)
 H - an uncursed amulet of guardian spirit
 M - a +4 ring of evasion (on tentacle)
 N - a +4 ring of evasion (on tentacle)
 P - an amulet of reflection (around mantle)
 Q - a ring of wizardry (right tentacle)
Wands
 c - a wand of iceblast (6)
 o - a wand of disintegration (5)
 u - a wand of polymorph (7)
 L - a wand of digging (12)
 S - a wand of flame (11)
Scrolls
 i - 15 scrolls of identify
 j - a scroll of teleportation
 l - 5 scrolls of enchant armour
 q - 3 scrolls of fog
 r - 3 scrolls of remove curse
 s - 3 scrolls of immolation
 y - 6 scrolls of amnesia
 D - a scroll of magic mapping
Potions
 m - a potion of berserk rage
 n - a potion of lignification
 p - 3 potions of brilliance
 x - 3 potions of curing
 z - 3 potions of haste
 A - 3 potions of heal wounds
 E - 3 potions of might {unknown}
 F - 2 potions of flight {unknown}
 J - a potion of cancellation {unknown}


   Skills:
 + Level 3.5 Fighting
 + Level 4.8 Short Blades
 + Level 0.2 Maces & Flails
 + Level 0.7 Throwing
 + Level 5.6 Dodging
 + Level 8.5 Stealth
 * Level 6.7 Shields
 * Level 10.2 Spellcasting
 * Level 10.2 Conjurations
 + Level 0.6 Hexes
 * Level 10.6 Fire Magic
 - Level 6.4 Invocations
 + Level 0.7 Evocations


You had 13 spell levels left.
You knew the following spells:

 Your Spells              Type           Power        Failure   Level
a - Foxfire               Conj/Fire      100%         1%          1
b - Conjure Flame         Conj/Fire      53%          1%          3
c - Inner Flame           Hex/Fire       34%          1%          3
d - Sticky Flame          Conj/Fire      53%          1%          4
e - Fireball              Conj/Fire      26%          1%          5
f - Ignite Poison         Fire/Tmut/Pois 25%          1%          3

Your spell library contained the following spells:

 Spells                   Type           Power        Failure   Level
 Corona                   Hex            14%          1%          1
 Sandblast                Erth           20%          1%          1
 Stone Arrow              Conj/Erth      64%          1%          3
 Passwall                 Tmut/Erth      8%           2%          2
 Slow                     Hex            13%          2%          2
 Confusing Touch          Hex            13%          4%          3
 Portal Projectile        Hex/Tloc       24%          4%          3
 Starburst                Conj/Fire      26%          4%          6
 Gell's Gravitas          Tloc           5%           5%          3
 Spider Form              Tmut/Pois      5%           5%          3
 Cause Fear               Hex            6%           13%         4
 Leda's Liquefaction      Hex/Erth       6%           16%         4
 Petrify                  Tmut/Erth      10%          17%         4
 Metabolic Englaciation   Hex/Ice        6%           36%         5
 Yara's Violent Unravell  Hex/Tmut       6%           36%         5
 Lee's Rapid Deconstruct  Erth           5%           41%         5
 Ignition                 Fire           26%          75%         8
 Dragon's Call            Summ           5%           100%        9
 Fire Storm               Conj/Fire      26%          100%        9


Dungeon Overview and Level Annotations

Branches:
Dungeon (9/15)             Temple (0/1) D:4            Lair (5/6) D:9
 Shoals (0/4) Lair:4        Snake (0/4) Lair:2        Slime (0/5) Lair:5
    Orc (0/2) D:9

Altars:
Cheibriados
Gozag
Hepliaklqana
Kikubaaqudgha
Makhleb
Sif Muna
The Shining One
Jiyva

Annotations:
Lair:1 2 transporters
Lair:5 Rupert


Innate Abilities, Weirdness & Mutations

You cannot wear most types of armour.
You are very stealthy in the water. (Stealth+)
You are amphibious.
You can wear up to eight rings at the same time.
You can use your tentacles to constrict eight enemies at once.
Your skin changes colour to match your surroundings (Stealth+).
Your rubbery body absorbs attacks. (AC +1, EV +1)


Message History

Confirm with . or Enter, or press ? or * to list all spells.
You ignite the poison in your surroundings!
Rupert seems to burn from within!!!
Rupert is heavily wounded.
Unknown command.
Casting: Ignite Poison (safe; 1% risk of failure)
Confirm with . or Enter, or press ? or * to list all spells.
Okay, then.
Casting: Ignite Poison (safe; 1% risk of failure)
Confirm with . or Enter, or press ? or * to list all spells.
Aiming: Fireball (dangerous; 1% risk of failure)
Press: ? - help, Shift-Dir - straight line, f/p - Rupert
Aim: Rupert, wielding a +0 vorpal great sword and wearing a +0 ring mail (heavily wounded, berserk, slow)
The fireball explodes!
The fireball engulfs Rupert!
Rupert is severely wounded.
Rupert rages.
Rupert hits you with a +0 vorpal great sword!!!
Ouch! That really hurt!
* * * LOW HITPOINT WARNING * * *
You die...

## ##.######## ....#P#...#### ###
.............########.## ####
......>......##...#....# ...##
...............#.......## .....
#..........PP..P........### .....
................>......(..##.....
#............##.@@..(..(#........
....#.####..####.#+#....#.P#.....
.##....# #### ##..#.#######.#...
##...### #..## ## #. ####.#.##
##.. ###.#.+..P### #..## ###
#...........# ##.## ..#.
P.........>#.# #...# #...
...........##.###.†.###### ##...


You could see Rupert (berserk, slow).

Vanquished Creatures
  2 hydras
  An alligator (Lair:4)
  A two-headed ogre (D:8)
  2 death yaks (Lair:4)
  Urug (Lair:1)
  Sonja (Lair:4)
  2 lindwurms (Lair:4)
  Pikel (D:9)
  A manticore (Lair:4)
  An elephant (Lair:4)
  2 black mambas
  11 cane toads
  A torpor snail (Lair:3)
  3 rime drakes
  4 komodo dragons
  A polar bear (Lair:4)
  A troll (D:9)
  Grinder (D:5)
  A hornet (D:7)
  5 dream sheep (Lair:4)
  5 blink frogs (Lair:5)
  Sigmund (D:5)
  A shadow (D:9)
  23 yaks
  3 wyverns
  2 basilisks
  Edmund (D:3)
  3 nagas (Lair:2)
  12 water moccasins
  Duvessa (D:4)
  4 phantoms
  4 orc warriors
  2 ice beasts
  A black bear (D:9)
  2 sky beasts
  15 wolves
  A necrophage (D:8)
  3 ogres
  2 centaurs
  2 lemures (D:9)
  2 big kobolds
  16 bullfrogs
  Dowan (D:4)
  5 scorpions
  A troll zombie (D:9)
  9 wights
  5 killer bees
  A jelly (D:5)
  A howler monkey (D:5)
  2 bullfrog zombies
  2 bullfrog skeletons
  2 hounds
  7 orc priests
  5 orc wizards
  Jessica (D:3)
  An iguana (D:5)
  Ijyb (D:3)
  Natasha (thrice) (D:2)
  6 worker ants
  4 ogre zombies (D:9)
  2 hound skeletons
  A worker ant zombie (D:8)
  Robin (D:2)
  11 gnolls
  A howler monkey skeleton (D:9)
  16 adders
  A shadow imp (D:8)
  An ufetubus (D:8)
  An ooze (D:3)
  An adder zombie (D:5)
  2 worms (D:2)
  3 dart slugs
  5 leopard geckos
  37 orcs
  3 ball pythons
  7 bats
  5 giant cockroaches
  14 goblins
  13 hobgoblins
  11 jackals
  20 kobolds
  2 quokkas
  7 frilled lizards
  A goblin skeleton (D:9)
  2 goblin zombies (D:9)
  A hobgoblin skeleton (D:9)
  A hobgoblin zombie (D:9)
  A jackal skeleton (D:4)
  A leopard gecko skeleton (D:6)
  3 orc skeletons (D:9)
  8 orc zombies (D:9)
  2 quokka skeletons
  8 rats
399 creatures vanquished.

Vanquished Creatures (collateral kills)
  17 foxfires
17 creatures vanquished.

Vanquished Creatures (others)
  882 foxfires
  30 fungi
  41 plants
953 creatures vanquished.

Grand Total: 1369 creatures vanquished

Notes
Turn   | Place    | Note
-------+----------+-------------------------------------------
     0 | D:1      | Conn the Octopode Fire Elementalist began the quest for the
                  | Orb.
     0 | D:1      | Reached XP level 1. HP: 11/11 MP: 3/3
   303 | D:1      | Reached XP level 2. HP: 17/17 MP: 3/5
   596 | D:1      | Reached XP level 3. HP: 21/21 MP: 1/6
   956 | D:2      | Learned a level 3 spell: Conjure Flame
  1061 | D:2      | Reached XP level 4. HP: 12/27 MP: 2/7
  1319 | D:2      | Noticed Natasha
  1335 | D:2      | Killed Natasha
  1336 | D:2      | Reached XP level 5. HP: 24/31 MP: 3/9
  1423 | D:2      | Noticed Natasha
  1431 | D:2      | Killed Natasha
  1437 | D:2      | Reached skill level 1 in Short Blades
  1605 | D:2      | Noticed Robin
  1646 | D:2      | Killed Robin
  1911 | D:2      | Noticed Natasha
  1925 | D:2      | Killed Natasha
  2108 | D:2      | Learned a level 3 spell: Inner Flame
  2293 | D:2      | Reached XP level 6. HP: 36/37 MP: 7/10
  2511 | D:2      | Found an ancient bone altar of Kikubaaqudgha.
  2788 | D:2      | Found a glowing golden altar of the Shining One.
  3182 | D:3      | Noticed Jessica
  3187 | D:3      | Killed Jessica
  3232 | D:3      | Found a shimmering blue altar of Sif Muna.
  3240 | D:3      | Became a worshipper of Sif Muna the Loreminder
  3350 | D:3      | Noticed Ijyb
  3361 | D:3      | Killed Ijyb
  3415 | D:3      | Reached XP level 7. HP: 42/42 MP: 4/12
  3768 | D:3      | Found a faded altar of an unknown god.
  4113 | D:4      | Noticed Edmund
  4130 | D:3      | Learned a level 4 spell: Sticky Flame
  4189 | D:3      | Killed Edmund
  4190 | D:3      | Reached skill level 1 in Fighting
  4366 | D:4      | Found a staircase to the Ecumenical Temple.
  4426 | D:4      | Noticed Duvessa
  4426 | D:4      | Noticed Dowan
  4459 | D:4      | Killed Duvessa
  4460 | D:4      | Reached skill level 5 in Fire Magic
  4462 | D:4      | Killed Dowan
  4462 | D:4      | Reached * piety under Sif Muna
  5174 | D:5      | Entered Level 5 of the Dungeon
  5190 | D:5      | Reached XP level 8. HP: 30/48 MP: 10/14
  5515 | D:5      | Noticed Grinder
  5528 | D:5      | Killed Grinder
  5529 | D:5      | Reached skill level 5 in Spellcasting
  5657 | D:5      | Noticed Sigmund
  5668 | D:5      | Killed Sigmund
  5669 | D:5      | Reached skill level 5 in Conjurations
  5984 | D:5      | Reached ** piety under Sif Muna
  6004 | D:5      | Found a snail-covered altar of Cheibriados.
  6180 | D:5      | Learned a level 5 spell: Fireball
  6539 | D:5      | Reached XP level 9. HP: 53/53 MP: 12/17
  7032 | D:6      | Reached skill level 1 in Invocations
  7171 | D:6      | Found an opulent altar of Gozag.
  7263 | D:6      | Found a hazy altar of Hepliaklqana.
  7968 | D:7      | Reached skill level 1 in Shields
  8216 | D:7      | Noticed a hornet
  8222 | D:7      | Killed a hornet
  8413 | D:7      | Reached skill level 5 in Stealth
  9012 | D:8      | Noticed a two-headed ogre
  9032 | D:8      | Killed a two-headed ogre
  9033 | D:8      | Reached XP level 10. HP: 43/59 MP: 12/20
  9341 | D:8      | Reached *** piety under Sif Muna
 10268 | D:9      | Found a burning altar of Makhleb.
 10554 | D:9      | Found a staircase to the Lair.
 10580 | D:9      | Reached **** piety under Sif Muna
 11195 | D:9      | Got a heavily runed pewter ring
 11196 | D:9      | Identified the ring of Beauty {rC+ Str+4} (You found it on
                  | level 9 of the Dungeon)
 11273 | D:9      | Noticed Pikel
 11279 | D:9      | Killed Pikel
 11409 | D:9      | Reached XP level 11. HP: 65/65 MP: 17/22
 11672 | D:9      | Found a staircase to the Orcish Mines.
 12349 | Lair:1   | Entered Level 1 of the Lair of Beasts
 12776 | Lair:1   | Noticed Urug
 12792 | Lair:1   | Killed Urug
 13199 | Lair:1   | Found a transporter.
 13217 | Lair:1   | Found a transporter.
 13218 | Lair:1   | Noticed a boulder beetle
 13392 | Lair:2   | Noticed a five-headed hydra
 13401 | Lair:2   | Killed a five-headed hydra
 13402 | Lair:2   | Reached skill level 5 in Shields
 13402 | Lair:2   | Reached skill level 5 in Invocations
 13859 | Lair:2   | Found a staircase to the Snake Pit.
 14535 | Lair:3   | Reached XP level 12. HP: 72/72 MP: 24/24
 14686 | Lair:3   | Reached ***** piety under Sif Muna
 15121 | Lair:3   | Identified Sif Muna's Disquisition on Unstable Creation
                  | (Sif Muna gifted it to you on level 3 of the Lair of
                  | Beasts)
 15121 | Lair:3   | Received a gift from Sif Muna
 15573 | Lair:3   | Got a transparent hand crossbow
 15574 | Lair:3   | Identified the +5 hand crossbow of the Original Sin {venom,
                  | Will+ Str+4} (You found it on level 3 of the Lair of
                  | Beasts)
 15849 | Lair:3   | Noticed a four-headed hydra
 15862 | Lair:3   | Killed a four-headed hydra
 16405 | Lair:4   | Reached skill level 5 in Dodging
 16601 | Lair:4   | Reached skill level 10 in Fire Magic
 16730 | Lair:4   | Noticed Sonja
 16923 | Lair:4   | Noticed an alligator
 16941 | Lair:4   | Killed an alligator
 16948 | Lair:4   | Reached XP level 13. HP: 6/78 MP: 3/26
 17499 | Lair:4   | Got a scorched halberd
 17500 | Lair:4   | Identified the +2 halberd of Valour {freeze, Dex+3} (You
                  | found it on level 4 of the Lair of Beasts)
 17798 | Lair:4   | Killed Sonja
 18016 | Lair:4   | Reached skill level 10 in Conjurations
 18057 | Lair:4   | Reached skill level 10 in Spellcasting
 18428 | Lair:4   | Found a staircase to the Shoals.
 18987 | Lair:4   | Learned a level 3 spell: Ignite Poison
 19030 | Lair:5   | Found a staircase to the Slime Pits.
 19030 | Lair:5   | Found a viscous altar of Jiyva.
 19105 | Lair:5   | Identified Cerebov's Reference Book on the Blaze (Sif Muna
                  | gifted it to you on level 5 of the Lair of Beasts)
 19105 | Lair:5   | Received a gift from Sif Muna
 19264 | Lair:5   | Noticed Rupert
 19283 | Lair:5   | Slain by Rupert

Illustrated notes

Levels and vault maps discovered:
D:1:      dpeg_cavernosity, layout_rooms
D:2:      layout_basic, old_standard_altar, general_overflow_altar, uniq_robin,
          uniq_natasha
D:3:      layout_loops_ring, chequers_ecumenical_altar_lobes,
          serial_bayou_pond_d, serial_bayou_pond_a,
          chequers_serial_rivers_micro_e, tgw_sif, uniq_ijyb
D:4:      layout_loops_cross, minmay_temple_entry_grid, minmay_fountain_box,
          uniq_edmund, uniq_duvessa
D:5:      layout_basic, old_standard_altar, uniq_sigmund, uniq_grinder
D:6:      layout_basic, nicolae_gozag_seed_capital, nzn_hepliaklqana_mist_gate
D:7:      corexii_shack_village, layout_loops_cross
D:8:      layout_loops_ring
D:9:      layout_irregular_city, makhleb_heckhound_becter,
          grunt_lair_entry_orc_guard_hut, zombieorc1_lemuel, uniq_pikel
Lair:1:   gammafunk_boulding_lane, layout_hall_layers, uniq_urug
Lair:2:   layout_chaotic_city, minmay_snake_entry_guardpost_small,
          serial_bayou_shore_a
Lair:3:   layout_chaotic_city, chequers_serial_rivers_room_b, grunt_megastairs_5
Lair:4:   nzn_winding_woodlands_cross
          [nzn_winding_woodlands_5x15_pathside_ponds,
          nzn_winding_woodlands_5x15_jagged, nzn_winding_woodlands_5x15_zeroes,
          nzn_winding_woodlands_5x15_cabin,
          nzn_winding_woodlands_15x15_thick_spiral], layout_cave_pods,
          elwin_shoals_entry_rocks, uniq_sonja
Lair:5:   layout_roguey, slime_altar_1, uniq_rupert

Skill      XL: |  1  2  3  4  5  6  7  8  9 10 11 12 13 |
---------------+----------------------------------------+-----
Stealth        | 3 4 6 8 |  8.5
Fire Magic     | 4 5 6 7 8 9 10 | 10.6
Short Blades   | 1 2 3 4 |  4.8
Conjurations   | 2 3 5 6 7 8 9 10 | 10.2
Spellcasting   | 3 4 5 6 7 8 9 10 | 10.2
Fighting       | 1 2 3 |  3.5
Dodging        | 3 4 5 |  5.6
Invocations    | 3 4 5 6 |  6.4
Shields        | 2 3 5 6 |  6.7
Maces & Flails | |  0.2
Throwing       | |  0.7
Hexes          | |  0.6
Evocations     | |  0.7

Action                   |  1- 3 |  4- 6 |  7- 9 | 10-12 | 13-15 || total
-------------------------+-------+-------+-------+-------+-------++-------
Melee: Short sword       |    24 |    51 |       |       |       ||    75
       Constrict         |     6 |    18 |    30 |    39 |     6 ||    99
       Tentacles         |     1 |    10 |    15 |    68 |    18 ||   112
       Dagger            |       |       |   144 |   274 |   106 ||   524
       Mace              |       |       |       |    14 |       ||    14
Throw: Dart              |       |     5 |     3 |     4 |     3 ||    15
 Cast: Foxfire           |    35 |    94 |   181 |   184 |    28 ||   522
       Conjure Flame     |       |     1 |     6 |     1 |     2 ||    10
       Inner Flame       |       |     1 |     5 |     1 |       ||     7
       Sticky Flame      |       |       |     8 |    74 |    16 ||    98
       Fireball          |       |       |       |    43 |    14 ||    57
       Ignite Poison     |       |       |       |       |     1 ||     1
Invok: Channel Magic     |       |       |       |     2 |       ||     2
Evoke: Wand              |       |       |     5 |       |       ||     5
  Use: Scroll            |     4 |     4 |     3 |     8 |     1 ||    20
       Potion            |       |     1 |       |     5 |     1 ||     7
 Stab: Sleeping          |    11 |       |    12 |    26 |       ||    49
       Distracted        |       |     1 |       |       |       ||     1
Armor: Skin              |     7 |    15 |    71 |   121 |    13 ||   227
Dodge: Dodged            |    40 |    70 |   174 |   336 |    87 ||   707
Block: Other             |       |       |       |    36 |    22 ||    58

Table legend: (Time is in decaauts)
 A = Elapsed time spent in this place.
 B = Non-inter-level travel time spent in this place.
 C = Inter-level travel time spent in this place.
 D = Time resting spent in this place.
 E = Time spent auto-exploring this place.
 F = Levels seen in this place.
 G = Mean time per level.
                   A        B        C        D        E       F      G
               +--------+--------+--------+--------+--------+-----+--------+
         Total |  19209 |  18750 |    459 |   4350 |   9570 |  14 | 1372.1 |
       Dungeon |  12316 |  11996 |    320 |   2070 |   6763 |   9 | 1368.4 |
          Lair |   6893 |   6755 |    138 |   2280 |   2807 |   5 | 1378.6 |
               +--------+--------+--------+--------+--------+-----+--------+

Top non-repeatable levels by time:
  Lair:4: 2573 daAuts
     D:9: 1965 daAuts
     D:2: 1848 daAuts
  Lair:3: 1813 daAuts
     D:8: 1521 daAuts
     D:3: 1490 daAuts
     D:5: 1426 daAuts
     D:6: 1353 daAuts
  Lair:2: 1122 daAuts
  Lair:1: 1033 daAuts
     D:1: 974 daAuts
     D:7: 873 daAuts
     D:4: 863 daAuts
  Lair:5: 351 daAuts
